 Dungeon Crawl Stone Soup version 0.16-a0-4013-gd591273 (webtiles) character file.

301811 dysrexia the Swashbuckler (level 21, -36/153 (156) HPs)
             Began as a Kobold Assassin on Feb 14, 2015.
             Was the Champion of Nemelex Xobeh.
             Killed from afar by a lich (61 damage)
             ... with a crystal spear
             ... while paralysed by a vampire knight
             ... on level 1 of the Depths on Feb 16, 2015.
             The game lasted 06:14:57 (58688 turns).

dysrexia the Swashbuckler (Kobold Assassin)        Turns: 58688, Time: 06:14:57

HP:   -36/153 (156) AC: 14    Str: 10    XL:     21   Next: 96%
MP:   39/39         EV: 11    Int: 12    God:    Nemelex Xobeh [******]
Gold: 1908          SH:  0    Dex: 32    Spells: 4 memorised, 5 levels left

rFire  . . .     SeeInvis +     i - +5 captain's cutlass {speed}
rCold  . . .     Clarity  .     U - +2 robe {MR+} (curse)
rNeg   + . .     SustAb   .     v - +1 buckler
rPois  +         Gourm    .     P - +5 helmet "Betaenwa" {rElec rPois+ rN+ MR- Str-2}
rElec  +         Spirit   .     b - +1 cloak
rCorr  .         Warding  .     V - +1 pair of gloves of Quantum Leap {Dex+6}
rMut   .         Stasis   .     z - +2 pair of boots {Stlth+} (curse)
MR     +....                    n - amulet of regeneration
Stlth  +++++++++.               I - ring of see invisible
                                O - +3 ring of evasion

@: paralysed, lethally poisoned (-36 -> -39), phasing (expiring), corroded
equipment, very slightly contaminated, slowed, drained, somewhat resistant to
hostile enchantments, incredibly stealthy
A: large bone plates 1, carnivore 3, clever 2, robust 1, spit poison 1, wild
magic 1
a: Spit Poison, Triple Draw, Deal Four, Stack Five, Renounce Religion
}: 2/15 runes: decaying, gossamer


You were on level 1 of the Depths.
You worshipped Nemelex Xobeh.
Nemelex Xobeh was exalted by your worship.
You were very full.

You visited 7 branches of the dungeon, and saw 42 of its levels.
You also visited: Bailey.

You collected 4376 gold pieces.
You spent 1978 gold pieces at shops.

Inventory:

Hand weapons
 i - the +5 captain's cutlass (weapon) {speed}
   (You bought it in a shop on level 4 of the Orcish Mines)

   Attacks with this weapon are significantly faster.
 q - the +0 quick blade "Pnamm" {freeze, rF+ MR+}
   (You acquired it on level 1 of the Vaults)

   It has been specially enchanted to freeze those struck by it, causing extra
   injury to most foes and up to half again as much damage against particularly
   susceptible opponents.
   It can also slow down cold-blooded creatures.
   It protects you from fire.
   It affects your resistance to hostile enchantments.
Armour
 b - a +1 cloak (worn)
 v - a +1 buckler (worn)
 z - a cursed +2 pair of boots of stealth (worn)
 A - a +4 fire dragon armour {Xtahua}
 P - the +5 helmet "Betaenwa" (worn) {rElec rPois+ rN+ MR- Str-2}
   (You bought it in a shop on level 4 of the Orcish Mines)

   It affects your strength (-2).
   It insulates you from electricity.
   It protects you from poison.
   It protects you from negative energy.
   It affects your resistance to hostile enchantments.
 U - a cursed +2 robe of magic resistance (worn)
 V - the +1 pair of gloves of Quantum Leap (worn) {Dex+6}
   (You bought it in a shop on level 4 of the Orcish Mines)

   It affects your dexterity (+6).
Jewellery
 m - an uncursed ring of flight
 n - an amulet of regeneration (around neck)
 o - an uncursed ring of teleport control
 I - a ring of see invisible (right hand)
 M - a cursed amulet of clarity
 O - a +3 ring of evasion (left hand)
Magical devices
 k - a wand of fireball (5)
 l - a wand of teleportation (3)
 s - a wand of digging (22)
 w - a wand of disintegration (2)
Scrolls
 d - 3 scrolls of fear
 e - 3 scrolls of silence
 p - 5 scrolls of summoning
 y - 14 scrolls of remove curse
 D - 8 scrolls of fog
 F - 10 scrolls of identify
 K - 19 scrolls of teleportation
 Q - 10 scrolls of magic mapping
Potions
 j - 13 potions of curing
 u - 3 potions of heal wounds
 x - 6 potions of agility
 E - a potion of resistance
 J - 6 potions of haste
 L - 3 potions of cancellation
 R - 4 potions of might
 X - 5 potions of invisibility
Miscellaneous
 a - a legendary deck of destruction
 c - an ornate deck of destruction {drawn: 7}
 f - an ornate deck of war {drawn: 2}
 h - a legendary deck of war {drawn: 1}
 r - a fan of gales
 t - a phial of floods
 B - an ornate deck of escape {drawn: 1}
 C - a disc of storms
 G - a legendary deck of war {drawn: 6}
 H - a legendary deck of war
 N - a legendary deck of war
 S - an ornate deck of destruction
 T - an ornate deck of war {drawn: 5}
 W - an ornate deck of war
 Y - an ornate deck of war
 Z - a plain deck of destruction {the Storm, left: 2}
Comestibles
 g - 14 meat rations


   Skills:
 + Level 18.5(18.3) Fighting
 + Level 20.8(20.5) Short Blades
 - Level 2.6(2.5) Throwing
 * Level 3.2(3.0) Armour
 - Level 19.2(19.0) Dodging
 - Level 16.9(16.6) Stealth
 - Level 7.3(7.1) Shields
 - Level 1.7(1.5) Translocations
 + Level 20.4(20.1) Evocations


You had 5 spell levels left.
You knew the following spells:

 Your Spells              Type           Power        Failure   Level  Hunger
a - Apportation           Tloc           #.........   30%         1    ##.....
b - Airstrike             Air            #.........   100%        4    #####..
c - Control Teleport      Chrm/Tloc      #.........   100%        4    #####..
d - Haste                 Chrm           #.......     100%        6    #######


Dungeon Overview and Level Annotations

Branches:
Dungeon (15/15)            Temple (0/1) D:7            Lair (8/8) D:8
  Swamp (5/5) Lair:4       Spider (5/5) Lair:5        Slime (0/6) Lair:7
    Orc (4/4) D:9          Vaults (4/5) D:13          Crypt (0/3) Vaults:3
 Depths (1/5) D:15
    Elf: Orc:3-4

Altars:
Cheibriados
Fedhas
Gozag
Kikubaaqudgha
Makhleb
Nemelex Xobeh
Okawaru
Ru
Sif Muna
Trog
Vehumet
Beogh
Jiyva

Shops:
D:9 (*   D:15 ?   Orc:1 ?   Orc:4 (*[(?   Vaults:1 %   Vaults:2 (

Portals:
Hell: Depths:1


Innate Abilities, Weirdness & Mutations

You are small and have problems with some larger weapons.
You are carnivorous and can eat meat at any time.
You are partially covered in large bone plates (AC +2, SH +2).
Your mind is very acute. (Int +4)
You are robust (+10% HP).
You can spit poison.
Your spells are a little harder to cast, but a little more powerful.


Message History

You draw a card...
It is the Helm.
You feel the strange sensation of being on two planes at once.
You feel sick. The naga mage misses you. The naga mage completely misses you.
The vampire knight gestures at you while chanting.
You suddenly lose the ability to move!
The lich touches you! You partially resist.
You feel drained. The naga mage hits you with a halberd!
* * * LOW HITPOINT WARNING * * *
You momentarily phase out as the naga mage's attack passes through you.
The lich touches you but does no damage.
You feel sick.
The deep elf annihilator mumbles some strange words.
The deep elf annihilator blinks!
The vampire knight misses you. The vampire knight bites you!
* * * LOW HITPOINT WARNING * * *
The naga mage hits you but does no damage.
You momentarily phase out as the naga mage's attack passes through you.
The lich points at you and mumbles some strange words.
Helpless, you fail to dodge the crystal spear.
You die...
Your body glows with a rainbow of weird colours and disappears.

#..# #.# #.##.. #..#
#.# #.##..# #..# #.#
#.##..## ...###.#
#.##...# .......#
#.##...## # ######.#
#.##....#.#. # #.#
#.##..⌠.e... #
##.#######[##L§..#
#####..!.......V@Ne.#
.....).........###..#
################ ..#
###


You could see a lich (invisible), a vampire knight (invisible), 2 deep elf
annihilators and a naga mage.

Vanquished Creatures
  A caustic shrike (Depths:1)
  Norris (Vaults:1)
  Xtahua (Vaults:2)
  Arachne (Spider:4)
  A lich (Vaults:1)
  Agnes (Swamp:5)
  A sphinx (Vaults:1)
  2 thorn hunters
  Frances (D:14)
  3 frost giants
  8 emperor scorpions
  2 ghost moths (Spider:5)
  A fire giant (Vaults:2)
  A caustic shrike zombie (D:15)
  9 vault wardens
  10 ironheart preservers
  5 stone giants
  4 very ugly things
  A dire elephant (Depths:1)
  2 vampire knights
  3 eidola (Vaults:3)
  2 ettins (Vaults:4)
  A minotaur (shapeshifter) (Vaults:1)
  3 fire dragons
  A merfolk impaler (Spider:4)
  5 deep elf death magi
  A minotaur (D:13)
  7 vault guards
  18 hydras
  6 yaktaur captains
  4 great orbs of eyes
  An ice dragon (Vaults:2)
  6 centaur warriors
  5 ghost crabs
  5 rakshasas
  A deep troll shaman (Vaults:2)
  A vampire mage (D:15)
  3 death yaks (Lair:5)
  9 ogre magi
  14 alligators
  2 deep troll earth magi (Vaults:4)
  Urug (Orc:2)
  A catoblepas (D:14)
  4 orc high priests
  Nergalle (D:15)
  Erolcha (Orc:3)
  A shadow wraith (Vaults:2)
  A fire crab (Vaults:1)
  A hell knight (Vaults:2)
  10 skeletal warriors
  4 deep elf knights (Vaults:1)
  2 unseen horrors
  A flayed ghost (Vaults:2)
  7 hill giants
  A death drake (Swamp:5)
  A spectral hydra (Swamp:5)
  2 swamp dragons
  10 orc knights
  A hill giant (shapeshifter) (Vaults:1)
  5 deep trolls
  15 orb spiders
  2 giant orange brains (Depths:1)
  An anubis guard (D:13)
  A harpy (Lair:6)
  4 orc sorcerers
  A mana viper (D:13)
  A deep elf conjurer (Vaults:4)
  A wizard (Lair:8)
  3 cyclopes
  9 ironbrand convokers
  5 necromancers
  3 manticores
  22 ugly things
  28 wolf spiders
  A fire giant zombie (D:15)
  A mana viper (shapeshifter) (Vaults:4)
  A faun (Spider:1)
  5 elephants
  6 griffons
  2 phantasmal warriors
  2 small abominations
  A manticore (shapeshifter) (D:14)
  A frost giant skeleton (D:15)
  3 guardian serpents (shapeshifter)
  4 hornets
  A water elemental (Vaults:4)
  A spectral centaur (D:15)
  Maurice (D:8)
  3 moths of wrath
  5 black mambas
  17 vault sentinels
  2 gargoyles
  A sixfirhy (D:14)
  21 spiny frogs
  An apocalypse crab (Spider:1)
  4 torpor snails
  2 centaur skeletons (D:15)
  2 naga magi (Depths:1)
  Psyche (D:8)
  4 efreet
  2 spriggan zombies
  8 deep elf fighters
  3 swamp worm zombies (Swamp:5)
  4 fire drakes
  5 komodo dragons
  A yaktaur (shapeshifter) (Lair:6)
  38 jumping spiders
  A blue devil (D:15)
  A queen bee (Spider:5)
  23 yaktaurs
  4 deep elf priests
  10 demonic crawlers
  A guardian mummy (D:15)
  4 freezing wraiths
  3 hydra zombies (Swamp:5)
  5 trolls
  Sonja (Orc:2)
  3 kobold demonologists
  40 slime creatures
  7 giant leeches
  Prince Ribbit (D:8)
  A troll (shapeshifter) (D:14)
  13 ravens
  11 bog bodies
  3 alligator zombies (Swamp:5)
  A raven (shapeshifter) (Vaults:3)
  12 two-headed ogres
  A stone giant simulacrum (Vaults:2)
  7 blink frogs
  A deep troll zombie (Depths:1)
  A blink frog (shapeshifter) (Vaults:2)
  A human skeleton (Vaults:4)
  An iron dragon simulacrum (Depths:1)
  6 boulder beetles
  A tarantella (shapeshifter) (Depths:1)
  A shadow (D:12)
  3 wandering mushrooms (D:8)
  A redback (shapeshifter) (Vaults:1)
  2 basilisks
  15 trapdoor spiders
  7 deep elf magi
  37 redbacks
  31 tarantellas
  9 baby alligators
  2 wraiths
  A hog (shapeshifter) (Vaults:1)
  25 yaks
  12 humans (D:13)
  16 hippogriffs
  3 fire bats (Lair:7)
  4 hungry ghosts
  A steam dragon (D:14)
  35 vampire mosquitoes
  5 wargs
  23 water moccasins
  29 swamp worms
  A yak (shapeshifter) (D:12)
  13 insubstantial wisps
  3 mottled dragons
  19 soldier ants
  6 wolves
  34 orc warriors
  6 porcupines
  26 ogres
  3 swamp drakes
  An ice beast (shapeshifter) (Vaults:1)
  4 sky beasts
  2 wasps (Spider:5)
  7 phantoms
  32 spiders
  A dwarf (Lair:1)
  An ettin simulacrum (Depths:1)
  A black bear (D:12)
  3 ice beasts
  4 swamp dragon zombies (Swamp:5)
  4 boring beetles
  20 centaurs
  A necrophage (D:13)
  14 crocodiles
  A brain worm (D:14)
  9 big kobolds
  21 giant frogs
  5 scorpions
  A spectral water moccasin (Swamp:5)
  2 water moccasin skeletons
  A wyvern skeleton (D:12)
  13 wights
  20 killer bees
  3 electric eels
  11 hounds
  4 crimson imps
  2 goliath beetles
  A human simulacrum (Vaults:2)
  3 centaur zombies
  A giant frog zombie (D:6)
  A quasit (D:9)
  23 orc priests
  10 jellies
  40 orc wizards
  26 worker ants
  A giant frog skeleton (D:10)
  12 iguanas
  2 spectral swamp drakes (Swamp:5)
  28 sheep
  2 hound zombies (D:5)
  A mummy (D:15)
  A hound skeleton (D:7)
  14 gnolls
  2 worker ant zombies
  2 swamp drake zombies (Swamp:5)
  31 adders
  75 river rats
  2 shadow imps
  4 worms
  An ufetubus (Vaults:4)
  An orc zombie (D:6)
  An adder skeleton (D:5)
  An ooze (D:1)
  144 orcs
  A ball python (D:13)
  10 bats
  A bat zombie (D:7)
  3 giant cockroaches
  13 hobgoblins
  16 jackals
  8 giant geckos
  A giant gecko skeleton (D:5)
  7 giant newts
  A giant spore (D:13)
  21 goblins
  A goblin zombie (D:6)
  A jackal zombie (D:8)
  32 kobolds
  11 quokkas
  12 rats
  4 ballistomycetes (D:13)
  7 crawling corpses
1764 creatures vanquished.

Vanquished Creatures (collateral kills)
  A bone dragon (Swamp:5)
  An azure jelly (Lair:6)
  Donald (Orc:3)
  Jorgrun (Vaults:4)
  Snorg (Lair:4)
  A great orb of eyes (Vaults:1)
  A rakshasa (Vaults:1)
  9 death yaks
  A catoblepas (Lair:6)
  2 spectral hydras (Swamp:5)
  3 orc knights (Bailey)
  4 wolf spiders
  An orc sorcerer (Orc:4)
  A torpor snail (Lair:5)
  A vault sentinel (Vaults:1)
  A spiny frog (Lair:6)
  A yaktaur (Vaults:4)
  A komodo dragon (Lair:5)
  2 demonic crawlers (Spider:3)
  An elf (shapeshifter) (Vaults:4)
  2 blink frogs (Lair:5)
  2 jumping spiders (Spider:3)
  2 ravens
  A spectral swamp dragon (Swamp:5)
  A trapdoor spider (Spider:3)
  3 tarantellas
  A basilisk (Lair:6)
  5 redbacks
  A human (D:13)
  6 yaks
  A hungry ghost (D:14)
  2 wargs
  An insubstantial wisp (Swamp:4)
  2 vampire mosquitoes
  9 orc warriors
  2 spiders
  2 ogres (Vaults:2)
  2 orc zombies (Orc:4)
  A wasp (Spider:5)
  A crocodile (Lair:1)
  A scorpion (D:8)
  A goliath beetle (Spider:3)
  6 orc wizards
  2 sheep (Lair:5)
  A mummy (D:8)
  4 gnolls (Bailey)
  An adder (Lair:6)
  A river rat (Lair:6)
  22 orcs
  A goblin (Orc:3)
  2 quokkas
  A fungus (Lair:4)
125 creatures vanquished.

Vanquished Creatures (others)
  A vault warden (Vaults:4)
  3 very ugly things
  A vault guard (Vaults:2)
  A shadow wraith (Vaults:3)
  An unseen horror (Vaults:1)
  An orc knight (Vaults:2)
  2 fauns
  A phantasmal warrior (Swamp:5)
  4 ugly things
  A komodo dragon (Swamp:4)
  2 yaktaurs (Spider:5)
  A blue devil (Lair:6)
  A blink frog (Lair:6)
  7 ravens (Vaults:4)
  2 dancing weapons (Lair:6)
  A redback (Lair:6)
  10 water elementals
  12 air elementals
  2 trapdoor spiders (Lair:5)
  10 vampire mosquitoes
  2 humans (D:13)
  A deep elf fighter (Vaults:2)
  2 earth elementals (D:14)
  8 insubstantial wisps
  A water moccasin (Swamp:5)
  A hell hound (Lair:6)
  An orc warrior (Vaults:4)
  An orc zombie (Vaults:4)
  An ogre (Vaults:2)
  2 centaurs (Vaults:3)
  4 lost souls
  5 killer bees (Spider:5)
  An adder (Lair:7)
  2 gnolls (Bailey)
  9 orcs
  A giant spore (D:6)
  A briar patch (Swamp:5)
  A crawling corpse (Vaults:1)
  6 fungi
  3 plants
117 creatures vanquished.

Grand Total: 2006 creatures vanquished

Notes
Turn   | Place    | Note
--------------------------------------------------------------
     0 | D:1      | dysrexia, the Kobold Assassin, began the quest for the Orb.
     0 | D:1      | Reached XP level 1. HP: 12/12 MP: 1/1
   276 | D:1      | Reached XP level 2. HP: 17/17 MP: 2/2
   820 | D:2      | Reached XP level 3. HP: 9/21 MP: 3/3
   996 | D:2      | Reached skill level 5 in Short Blades
  1088 | D:2      | Reached XP level 4. HP: 23/26 MP: 4/4
  1313 | D:2      | Found a blossoming altar of Fedhas.
  1313 | D:2      | Found a radiant altar of Vehumet.
  1355 | D:2      | Reached skill level 6 in Short Blades
  1648 | D:3      | Reached XP level 5. HP: 30/30 MP: 5/5
  1741 | D:3      | Found an iron altar of Okawaru.
  1749 | D:3      | Found a deep blue altar of Sif Muna.
  1750 | D:3      | Found a snail-covered altar of Cheibriados.
  1983 | D:4      | Reached skill level 7 in Short Blades
  1993 | D:4      | Got a dazzling trident
  2030 | D:4      | Reached XP level 6. HP: 33/35 MP: 6/6
  2068 | D:4      | Reached skill level 8 in Short Blades
  2604 | D:5      | Entered Level 5 of the Dungeon
  2640 | D:5      | Reached skill level 9 in Short Blades
  2640 | D:5      | Reached XP level 7. HP: 27/40 MP: 7/7
  3302 | D:5      | Reached skill level 10 in Short Blades
  3336 | D:5      | Reached XP level 8. HP: 43/48 MP: 8/8
  3796 | D:6      | Reached skill level 5 in Fighting
  3843 | D:6      | Reached skill level 11 in Short Blades
  4169 | D:6      | Reached XP level 9. HP: 29/55 MP: 9/9
  4795 | D:7      | Noticed a hill giant
  4825 | D:7      | Killed a hill giant
  4825 | D:7      | Reached skill level 12 in Short Blades
  4825 | D:7      | Reached skill level 5 in Dodging
  4878 | D:7      | Found a sparkling altar of Nemelex Xobeh.
  4892 | D:7      | Became a worshipper of Nemelex Xobeh the Trickster
  4996 | D:7      | Received a gift from Nemelex Xobeh
  5485 | D:7      | Received a gift from Nemelex Xobeh
  5585 | D:7      | Found a staircase to the Ecumenical Temple.
  5829 | D:8      | Found a staircase to the Lair.
  5900 | D:8      | Reached skill level 1 in Evocations
  5926 | D:8      | Reached XP level 10. HP: 62/64 MP: 12/12
  6246 | D:8      | Noticed Psyche
  6254 | D:8      | Noticed a guardian serpent
  6265 | D:8      | Killed a guardian serpent
  6279 | D:8      | Killed Psyche
  6279 | D:8      | Reached skill level 13 in Short Blades
  6590 | D:8      | Noticed a wandering mushroom
  6624 | D:8      | Killed a wandering mushroom
  6624 | D:8      | Reached skill level 5 in Evocations
  6640 | D:8      | Noticed Prince Ribbit
  6665 | D:8      | Killed Prince Ribbit
  7477 | D:8      | Noticed a wandering mushroom
  7504 | D:8      | Killed a wandering mushroom
  7601 | D:8      | Found a blossoming altar of Fedhas.
  7601 | D:8      | Noticed a wandering mushroom
  7648 | Lair:1   | Entered Level 1 of the Lair of Beasts
  8104 | Lair:1   | Noticed a spiny frog
  8143 | Lair:1   | Killed a spiny frog
  8143 | Lair:1   | Reached XP level 11. HP: 39/71 MP: 20/20
  9202 | Lair:1   | Received a gift from Nemelex Xobeh
  9656 | Lair:1   | Noticed a queen ant
  9657 | Lair:1   | Reached skill level 14 in Short Blades
  9661 | Lair:1   | Noticed a hill giant
  9661 | Lair:1   | a queen ant changed into a hill giant
  9678 | Lair:1   | Killed a hill giant
  9831 | D:8      | Noticed Maurice
 10767 | Lair:1   | Reached skill level 10 in Fighting
 11046 | Lair:2   | Gained mutation: You are partially covered in large bone plates (AC +2, SH +2). [potion of mutation]
 11046 | Lair:2   | Gained mutation: You are robust (+10% HP). [potion of mutation]
 11046 | Lair:2   | Gained mutation: You can spit poison. [potion of mutation]
 11048 | Lair:2   | Received a gift from Nemelex Xobeh
 11507 | Lair:2   | Reached skill level 10 in Dodging
 11665 | Lair:2   | Acquired Nemelex Xobeh's first power
 12085 | Lair:2   | Found a burning altar of Makhleb.
 12108 | Lair:2   | Reached XP level 12. HP: 34/85 MP: 24/24
 12318 | Lair:2   | Noticed a six-headed hydra
 12327 | Lair:2   | Killed a six-headed hydra
 12485 | Lair:2   | Received a gift from Nemelex Xobeh
 13246 | Lair:3   | Found an ancient bone altar of Kikubaaqudgha.
 13275 | Lair:3   | Learned a level 1 spell: Apportation
 13482 | Lair:3   | Reached skill level 10 in Evocations
 13679 | Lair:4   | Received a gift from Nemelex Xobeh
 13726 | Lair:4   | Acquired Nemelex Xobeh's second power
 14282 | Lair:4   | Noticed Snorg
 14292 | Lair:4   | Killed Snorg
 14308 | Lair:4   | Found a staircase to the Swamp.
 15361 | Lair:5   | Noticed a six-headed hydra
 15374 | Lair:5   | Killed a six-headed hydra
 15481 | Lair:5   | Received a gift from Nemelex Xobeh
 15689 | Lair:5   | Received a gift from Nemelex Xobeh
 15736 | Lair:5   | Found a hole to the Spider Nest.
 15797 | Lair:5   | Reached XP level 13. HP: 66/93 MP: 27/27
 15997 | Lair:5   | Noticed a death yak
 15998 | Lair:5   | Noticed a death yak
 15998 | Lair:5   | Noticed a death yak
 15999 | Lair:5   | Noticed a death yak
 16000 | Lair:5   | Noticed a death yak
 16002 | Lair:5   | Noticed a death yak
 16005 | Lair:5   | Killed a death yak
 16010 | Lair:5   | Killed a death yak
 16024 | Lair:5   | Killed a death yak
 16027 | Lair:5   | Killed a death yak
 16031 | Lair:5   | Killed a death yak
 16040 | Lair:5   | Killed a death yak
 16059 | Lair:5   | Received a gift from Nemelex Xobeh
 16133 | Lair:5   | Noticed a death yak
 16144 | Lair:5   | Noticed a death yak
 16146 | Lair:5   | Killed a death yak
 16147 | Lair:5   | Noticed a death yak
 16158 | Lair:5   | Killed a death yak
 16162 | Lair:5   | Killed a death yak
 16919 | Lair:6   | Received a gift from Nemelex Xobeh
 17146 | Lair:6   | Acquired Nemelex Xobeh's third power
 17204 | Lair:6   | Received a gift from Nemelex Xobeh
 17486 | Lair:6   | Noticed an azure jelly
 17486 | Lair:6   | a death yak changed into an azure jelly
 17513 | Lair:6   | HP: 2/95 [azure jelly (37)]
 18223 | Lair:6   | Killed an azure jelly
 18955 | Lair:7   | Reached XP level 14. HP: 62/103 MP: 29/29
 19290 | Lair:7   | Received a gift from Nemelex Xobeh
 19377 | Lair:7   | Found a viscous altar of Jiyva.
 19377 | Lair:7   | Found a staircase to the Slime Pits.
 19653 | Lair:8   | Entered Level 8 of the Lair of Beasts
 19667 | Lair:8   | Received a gift from Nemelex Xobeh
 19787 | Lair:8   | Received a gift from Nemelex Xobeh
 19814 | Lair:8   | Learned a level 4 spell: Airstrike
 19871 | Lair:8   | Identified a scroll of acquirement
 19874 | Lair:8   | Got a smoking quick blade
 19875 | Lair:8   | Identified the +1 quick blade of Guile {drain, -Tele MP+9 Str+3 Dex+6} (You acquired it on level 8 of the Lair of Beasts)
 21543 | Lair:8   | Received a gift from Nemelex Xobeh
 21608 | Lair:8   | Found a burning altar of Makhleb.
 21914 | D:8      | Noticed a wandering mushroom
 21940 | D:8      | Killed a wandering mushroom
 21965 | D:9      | Found an iron altar of Okawaru.
 22183 | D:9      | Found Trigad's Assorted Antiques.
 22232 | D:9      | Found an opulent altar of Gozag.
 22257 | D:9      | Received a gift from Nemelex Xobeh
 22496 | D:9      | Found Cotiox's Weapon Boutique.
 22498 | D:9      | Found a staircase to the Orcish Mines.
 22533 | Orc:1    | Entered Level 1 of the Orcish Mines
 22920 | Orc:2    | Noticed Sonja
 22958 | Orc:2    | Killed Sonja
 23094 | Orc:2    | Noticed Urug
 23192 | Orc:2    | Killed Urug
 23388 | Orc:2    | Found a flagged portal.
 23432 | Bailey   | Entered a bailey
 23474 | Bailey   | Received a gift from Nemelex Xobeh
 24564 | Orc:3    | Noticed Donald
 24578 | Orc:3    | Killed Donald
 24578 | Orc:3    | Reached skill level 15 in Short Blades
 24613 | Orc:3    | Noticed Erolcha
 24776 | Orc:3    | Killed Erolcha
 24805 | Orc:3    | Received a gift from Nemelex Xobeh
 25049 | Orc:3    | Found a roughly hewn altar of Beogh.
 25174 | Orc:4    | Entered Level 4 of the Orcish Mines
 25400 | Orc:4    | Received a gift from Nemelex Xobeh
 26194 | Orc:4    | Reached XP level 15. HP: 98/111 MP: 31/31
 26245 | Orc:4    | Received a gift from Nemelex Xobeh
 26275 | Orc:4    | Found Zaocw's Weapon Boutique.
 27227 | Orc:4    | Reached skill level 15 in Evocations
 27237 | Orc:4    | Paralysed by an orc sorcerer for 6 turns
 27613 | Orc:4    | Found Gheutig's Magic Scroll Boutique.
 27669 | Orc:4    | Found Impoygh's Weapon Boutique.
 27670 | Orc:4    | Found Ewian's General Store.
 27675 | Orc:4    | Found Veisizxu's Armour Shop.
 27677 | Orc:4    | Bought the +1 pair of gloves of Quantum Leap {Dex+6} for 320 gold pieces
 27703 | Orc:4    | Bought the +5 captain's cutlass {speed} for 512 gold pieces
 27709 | Orc:4    | Bought the +5 helmet "Betaenwa" {rElec rPois+ rN+ MR- Str-2} for 478 gold pieces
 27831 | Orc:4    | Bought a scroll of identify for 26 gold pieces
 27831 | Orc:4    | Bought a scroll of identify for 26 gold pieces
 27831 | Orc:4    | Bought a scroll of teleportation for 39 gold pieces
 27831 | Orc:4    | Bought a scroll of brand weapon for 260 gold pieces
 27883 | Orc:1    | Received a gift from Nemelex Xobeh
 27892 | Orc:1    | Found Roedereagar's Magic Scroll Shoppe.
 27952 | Orc:1    | Bought a scroll of blinking for 82 gold pieces
 28067 | D:10     | Entered Level 10 of the Dungeon
 28185 | D:10     | Got a distressingly furry leather armour
 28196 | D:10     | Identified the cursed -3 leather armour of Masochism {rC- rN+ Dex+8} (You found it on level 10 of the Dungeon)
 28241 | D:10     | Received a gift from Nemelex Xobeh
 28568 | D:10     | Received a gift from Nemelex Xobeh
 28573 | D:10     | Reached skill level 15 in Dodging
 29478 | D:11     | Received a gift from Nemelex Xobeh
 29669 | D:11     | Found a bloodstained altar of Trog.
 29929 | D:12     | Received a gift from Nemelex Xobeh
 30603 | D:13     | Received a gift from Nemelex Xobeh
 31018 | D:13     | Received a gift from Nemelex Xobeh
 31574 | D:13     | Found a gate to the Vaults.
 31866 | D:14     | Noticed Frances
 31944 | D:14     | Received a gift from Nemelex Xobeh
 32176 | D:14     | Killed Frances
 32176 | D:14     | Reached skill level 15 in Fighting
 32241 | D:14     | Reached skill level 16 in Short Blades
 32426 | D:14     | Received a gift from Nemelex Xobeh
 32458 | D:14     | Found a sparkling altar of Nemelex Xobeh.
 32912 | D:14     | Reached XP level 16. HP: 118/118 MP: 33/33
 33219 | D:15     | Entered Level 15 of the Dungeon
 33219 | D:15     | Received a gift from Nemelex Xobeh
 33300 | D:15     | Found a staircase to the Depths.
 34150 | D:15     | Found a sacrificial altar of Ru.
 34251 | D:15     | Noticed Nergalle
 34253 | D:15     | Killed Nergalle
 34270 | D:15     | Found Anwegg's Magic Scroll Emporium.
 34359 | D:15     | Bought a scroll of identify for 20 gold pieces
 34359 | D:15     | Bought a scroll of identify for 20 gold pieces
 34359 | D:15     | Bought a scroll of teleportation for 30 gold pieces
 34359 | D:15     | Bought a scroll of identify for 20 gold pieces
 34359 | D:15     | Bought a scroll of identify for 20 gold pieces
 34359 | D:15     | Bought a scroll of teleportation for 30 gold pieces
 34359 | D:15     | Bought a scroll of summoning for 95 gold pieces
 34750 | Spider:1 | Entered Level 1 of the Spider Nest
 34787 | Spider:1 | Received a gift from Nemelex Xobeh
 35285 | Spider:1 | Reached skill level 10 in Stealth
 35312 | Spider:1 | Got a pair of dazzling gloves
 35382 | Spider:1 | Identified the cursed +0 pair of gloves "Psixy" {rCorr Stlth+} (You found it on level 1 of the Spider Nest)
 35880 | Spider:2 | Reached skill level 1 in Shields
 35902 | Spider:2 | Received a gift from Nemelex Xobeh
 36089 | Spider:2 | Learned a level 4 spell: Control Teleport
 36413 | Spider:3 | Hired Kleaghoi the merfolk for 316 gold.
 36624 | Spider:3 | Received a gift from Nemelex Xobeh
 36849 | Spider:3 | Found a roughly hewn altar of Beogh.
 36858 | Spider:3 | Reached skill level 17 in Short Blades
 37065 | Spider:3 | Reached XP level 17. HP: 124/124 MP: 34/34
 37186 | Spider:4 | Noticed Arachne
 37237 | Spider:4 | Killed Arachne
 38403 | Spider:5 | Entered Level 5 of the Spider Nest
 38622 | Spider:5 | Reached skill level 5 in Shields
 38639 | Spider:5 | Received a gift from Nemelex Xobeh
 39630 | Spider:5 | Drew Focus: Dex increased to 24, Int decreased to 8
 39640 | Spider:5 | Received a gift from Nemelex Xobeh
 40270 | Spider:5 | Reached XP level 18. HP: 97/132 MP: 35/35
 40344 | Spider:5 | Got a gossamer rune of Zot
 40696 | Swamp:1  | Entered Level 1 of the Swamp
 40719 | Swamp:1  | Gained mutation: Your mind is acute. (Int +2) [potion of beneficial mutation]
 41676 | Swamp:2  | Received a gift from Nemelex Xobeh
 42048 | Swamp:2  | Reached skill level 18 in Short Blades
 42136 | Swamp:2  | Received a gift from Nemelex Xobeh
 43370 | Swamp:4  | Noticed a spectral shard shrike
 43463 | Swamp:4  | Learned a level 6 spell: Haste
 43581 | Swamp:4  | Received a gift from Nemelex Xobeh
 43627 | Swamp:4  | Upgraded the game from 0.16-a0-4002-g2d13b8e to 0.16-a0-4005-g3d13fd6
 43853 | Swamp:4  | Reached skill level 1 in Translocations
 44222 | Swamp:5  | Entered Level 5 of the Swamp
 44376 | Swamp:5  | Noticed Agnes
 44394 | Swamp:5  | Killed Agnes
 44664 | Swamp:5  | Gained mutation: Your spells are a little harder to cast, but a little more powerful. [potion of beneficial mutation]
 44665 | Swamp:5  | Gained mutation: Your mind is very acute. (Int +4) [potion of beneficial mutation]
 44924 | Swamp:5  | Reached XP level 19. HP: 63/137 MP: 36/36
 45049 | Swamp:5  | Noticed a bone dragon
 45207 | Swamp:5  | Noticed Zuceyczu the pandemonium lord
 45210 | Swamp:5  | Killed a bone dragon
 45835 | Swamp:5  | Got a decaying rune of Zot
 46041 | Swamp:5  | Received a gift from Nemelex Xobeh
 46371 | D:8      | Killed Maurice
 46598 | Vaults:1 | Entered Level 1 of the Vaults
 47054 | Vaults:1 | Got a warped quick blade
 47055 | Vaults:1 | Identified the +0 quick blade "Pnamm" {freeze, rF+ MR+} (You acquired it on level 1 of the Vaults)
 47481 | Vaults:1 | Received a gift from Nemelex Xobeh
 47746 | Vaults:1 | Noticed Norris
 47912 | Vaults:1 | Paralysed by Norris for 5 turns
 47931 | Vaults:1 | Killed Norris
 48044 | Vaults:1 | Reached skill level 19 in Short Blades
 48350 | Vaults:1 | Found Fasm's Food Emporium.
 48390 | Vaults:1 | Paralysed by a great orb of eyes for 6 turns
 49522 | Vaults:1 | Reached XP level 20. HP: 93/144 MP: 37/37
 50264 | Vaults:1 | Paralysed by a great orb of eyes for 5 turns
 50454 | Vaults:2 | Received a gift from Nemelex Xobeh
 50466 | Vaults:2 | Reached skill level 15 in Stealth
 50510 | Vaults:2 | Found Psaineel's Weapon Emporium.
 51525 | Vaults:2 | Noticed Xtahua
 51575 | Vaults:2 | Killed Xtahua
 52159 | Vaults:2 | Received a gift from Nemelex Xobeh
 53388 | Vaults:3 | Reached skill level 20 in Short Blades
 53464 | Vaults:2 | Reached XP level 21. HP: 83/151 MP: 38/38
 54008 | Vaults:3 | Paralysed by a vampire knight for 5 turns
 54271 | Vaults:3 | Found a staircase to the Crypt.
 54579 | Vaults:3 | Received a gift from Nemelex Xobeh
 55041 | Vaults:4 | Received a gift from Nemelex Xobeh
 55961 | Vaults:4 | Received a gift from Nemelex Xobeh
 56542 | Vaults:4 | Noticed Jorgrun
 56564 | Vaults:4 | Killed Jorgrun
 56943 | Vaults:3 | Upgraded the game from 0.16-a0-4005-g3d13fd6 to 0.16-a0-4013-gd591273
 57497 | Depths:1 | Entered Level 1 of the Depths
 57506 | Depths:1 | Received a gift from Nemelex Xobeh
 57901 | Depths:1 | Reached skill level 1 in Armour
 57985 | Depths:1 | Noticed Saint Roka
 58050 | Depths:1 | Noticed Saint Roka
 58050 | Depths:1 | Saint Roka changed into Saint Roka the caustic shrike
 58085 | Depths:1 | Killed Saint Roka the caustic shrike
 58481 | Depths:1 | Found a gateway to Hell.
 58538 | Depths:1 | Received a gift from Nemelex Xobeh
 58687 | Depths:1 | Paralysed by a vampire knight for 2 turns
 58688 | Depths:1 | Killed from afar by a lich

Action                   |  1- 3 |  4- 6 |  7- 9 | 10-12 | 13-15 | 16-18 | 19-21 || total
-------------------------+-------+-------+-------+-------+-------+-------+-------++-------
Melee: Dagger            |    33 |       |       |     8 |       |       |       ||    41
       Short sword       |    36 |   215 |   514 |  1663 |       |       |       ||  2428
       Rapier            |       |       |       |   304 |  2636 |       |       ||  2940
       Quick blade       |       |       |       |       |   119 |   501 |    74 ||   694
       Unarmed           |       |       |       |       |     1 |       |       ||     1
       Cutlass           |       |       |       |       |  1009 |  3217 |  4407 ||  8633
 Fire: Blowgun           |       |       |       |       |     3 |       |       ||     3
Throw: Stone             |       |       |     8 |    16 |       |       |       ||    24
Invok: Triple Draw       |       |       |       |     1 |     5 |     3 |     3 ||    12
       Deal Four         |       |       |       |       |     3 |       |       ||     3
       Stack Five        |       |       |       |       |     1 |     1 |       ||     2
 Abil: Spit Poison       |       |       |       |     2 |       |       |       ||     2
       Stop Flying       |       |       |       |       |       |     2 |       ||     2
       Evoke Flight      |       |       |       |       |       |     2 |       ||     2
Evoke: Deck              |       |       |     1 |    17 |    61 |    42 |    43 ||   164
       Wand              |       |       |       |     9 |    16 |     3 |     4 ||    32
       Sack of spiders   |       |       |       |       |    12 |       |       ||    12
       Stone of tremors  |       |       |       |       |     1 |       |       ||     1
       Disc of storms    |       |       |       |       |       |     1 |     4 ||     5
       Phial of floods   |       |       |       |       |       |       |     3 ||     3
       Fan of gales      |       |       |       |       |       |       |     1 ||     1
  Use: Scroll            |       |     8 |     3 |    16 |    16 |    19 |    15 ||    77
       Potion            |       |       |       |     2 |     3 |    19 |     6 ||    30
 Stab: Sleeping          |    10 |     6 |    14 |    15 |    38 |    53 |    35 ||   171
       Distracted        |       |     1 |       |     4 |    12 |    15 |    12 ||    44
       Confused          |       |       |       |     1 |       |     3 |       ||     4
       Held in net/web   |       |       |       |       |       |     2 |       ||     2
  Eat: Chunk             |     9 |     8 |    17 |    37 |    57 |    34 |    60 ||   222
       Pizza             |       |       |       |     1 |       |       |       ||     1
       Royal jelly       |       |       |       |       |     2 |       |       ||     2
       Beef jerky        |       |       |       |       |       |    10 |     1 ||    11
